PL
DETROIT RENAISSANCE @ PANAMA CITY PIRANHAS
08/08/2027
 
TOP OF THE 1ST
Detroit Renaissance batting - Pitching for Panama City Piranhas : LHP Kirby Buckner
Pitching: LHP Kirby Buckner
Batting: RHB Bernardo Herrera 0-0: Ball
1-0: Ball
2-0: Ball
3-0: Called Strike
3-1: Base on Balls
Batting: LHB Yoichibei Sato 0-0: Ball
1-0: Called Strike
1-1: Ball
2-1: Fielders Choice at 2nd, 4-6 (Groundball, 4)
Batting: RHB Brent Ryan 0-0: Ball
1-0: Ball
2-0: Fielders Choice at 2nd, 6-4 (Groundball, 56)
Batting: LHB Juan González 0-0: Called Strike
0-1: Called Strike
0-2: Ball
Brent Ryan is caught stealing 2nd base
Top of the 1st over - 0 run(s), 0 hit(s), 0 error(s), 0 left on base; Detroit 0 - Panama City 0
BOTTOM OF THE 1ST
Panama City Piranhas batting - Pitching for Detroit Renaissance : RHP Cris Mendoza
Pitching: RHP Cris Mendoza
Batting: LHB Herman Hayes 0-0: Foul Ball, location: 2F
0-1: Ball
1-1: Foul Ball, location: 2F
1-2: SINGLE (Groundball, 4D)
Batting: RHB Cale Sutton 0-0: Foul Ball, location: 2F
0-1: Grounds into double play, 6-4-3 (Groundball, 6)
Batting: RHB Baldomero Avino 0-0: Called Strike
0-1: Called Strike
0-2: Ball
1-2: Foul Ball, location: 2F
1-2: Strikes out swinging
Bottom of the 1st over - 0 run(s), 1 hit(s), 0 error(s), 0 left on base; Detroit 0 - Panama City 0
TOP OF THE 2ND
Detroit Renaissance batting - Pitching for Panama City Piranhas : LHP Kirby Buckner
Batting: LHB Juan González 0-0: Ball
1-0: Foul Ball, location: 2F
1-1: Ball
2-1: Foul Ball, location: 2F
2-2: SINGLE (Line Drive, 78S)
Batting: RHB Eric D'Angle 0-0: Ball
1-0: Called Strike
1-1: Called Strike
1-2: Foul Ball, location: 2F
1-2: Foul Ball, location: 2F
1-2: Foul Ball, location: 2F
1-2: Ground out 5-3 (Groundball, 25)
Juan González to second
Batting: LHB Cisco Padilla 0-0: Called Strike
0-1: Ball
1-1: Swinging Strike
1-2: Strikes out swinging
Batting: LHB Ray Sears 0-0: Called Strike
0-1: Called Strike
0-2: Ball
1-2: Foul Ball, location: 2F
1-2: Foul Ball, location: 2F
1-2: Strikes out swinging
Top of the 2nd over - 0 run(s), 1 hit(s), 0 error(s), 1 left on base; Detroit 0 - Panama City 0
BOTTOM OF THE 2ND
Panama City Piranhas batting - Pitching for Detroit Renaissance : RHP Cris Mendoza
Batting: RHB Raúl Ortíz 0-0: Called Strike
0-1: Ball
1-1: Ball
2-1: Ball
3-1: Called Strike
3-2: Foul Ball, location: 2F
3-2: Foul Ball, location: 2F
3-2: Base on Balls
Batting: RHB Juan Jose Ayala 0-0: Ball
1-0: Ball
2-0: Grounds into double play, 5-4-3 (Groundball, 56)
Batting: RHB Armando Alvarado 0-0: Swinging Strike
0-1: Fly out, F9 (Flyball, 89M)
Bottom of the 2nd over - 0 run(s), 0 hit(s), 0 error(s), 0 left on base; Detroit 0 - Panama City 0
TOP OF THE 3RD
Detroit Renaissance batting - Pitching for Panama City Piranhas : LHP Kirby Buckner
Batting: RHB Enrique Pérez 0-0: Ball
1-0: Called Strike
1-1: Fly out, F8 (Flyball, 8LD)
Batting: RHB Ed Whitaker 0-0: Called Strike
0-1: Fly out, F6 (Line Drive, 6)
Batting: RHB Bernardo Herrera 0-0: Ball
1-0: Ball
2-0: Foul Ball, location: 2F
2-1: Swinging Strike
2-2: Ball
3-2: DOUBLE (Line Drive, 7LD)
Pinch Runner at 2nd Jean Chamissa:
Batting: LHB Yoichibei Sato 0-0: Ball
1-0: Foul Ball, location: 2F
1-1: Ball
2-1: Foul Ball, location: 2F
2-2: DOUBLE (Flyball, 78D)
Jean Chamissa scores
Batting: RHB Brent Ryan 0-0: Called Strike
0-1: Fly out, F8 (Flyball, 8LM)
Top of the 3rd over - 1 run(s), 2 hit(s), 0 error(s), 1 left on base; Detroit 1 - Panama City 0
BOTTOM OF THE 3RD
Panama City Piranhas batting - Pitching for Detroit Renaissance : RHP Cris Mendoza
Now at 2B: Jean Chamissa
Batting: LHB Robert Adams 0-0: Ball
1-0: Called Strike
1-1: Ball
2-1: Foul Ball, location: 2F
2-2: Ball
3-2: Strikes out swinging
Batting: RHB Fernando Silva 0-0: Ball
1-0: Called Strike
1-1: Ball
2-1: Ball
3-1: Called Strike
3-2: Ground out 4-3 (Groundball, 4D)
Batting: SHB Tsing Guao 0-0: Called Strike
0-1: Foul Ball, location: 2F
0-2: Ball
1-2: Foul Ball, location: 2F
1-2: Foul Ball, location: 2F
1-2: Ball
2-2: Ball
3-2: Foul Ball, location: 2F
3-2: Base on Balls
Batting: LHB Herman Hayes 0-0: Swinging Strike
0-1: Foul Ball, location: 2F
0-2: Ball
1-2: Fielders Choice at 2nd, 4-6 (Groundball, 34)
Bottom of the 3rd over - 0 run(s), 0 hit(s), 0 error(s), 0 left on base; Detroit 1 - Panama City 0
TOP OF THE 4TH
Detroit Renaissance batting - Pitching for Panama City Piranhas : LHP Kirby Buckner
Batting: LHB Juan González 0-0: Ball
1-0: Fly out, F8 (Flyball, 8RM)
Batting: RHB Eric D'Angle 0-0: Ball
1-0: Ball
2-0: Called Strike
2-1: Called Strike
2-2: Fly out, F8 (Flyball, 8LS)
Batting: LHB Cisco Padilla 0-0: Ball
1-0: Ball
2-0: Fly out, F6 (Popup, 56D)
Top of the 4th over - 0 run(s), 0 hit(s), 0 error(s), 0 left on base; Detroit 1 - Panama City 0
BOTTOM OF THE 4TH
Panama City Piranhas batting - Pitching for Detroit Renaissance : RHP Cris Mendoza
Batting: RHB Cale Sutton 0-0: Ball
1-0: Called Strike
1-1: Ball
2-1: Fly out, F6 (Line Drive, 6)
Batting: RHB Baldomero Avino 0-0: Ball
1-0: Ground out 6-3 (Groundball, 6)
Batting: RHB Raúl Ortíz 0-0: Ball
1-0: Called Strike
1-1: Ball
2-1: Ball
3-1: Fly out, F8 (Flyball, 8LXD)
Bottom of the 4th over - 0 run(s), 0 hit(s), 0 error(s), 0 left on base; Detroit 1 - Panama City 0
TOP OF THE 5TH
Detroit Renaissance batting - Pitching for Panama City Piranhas : LHP Kirby Buckner
Batting: LHB Ray Sears 0-0: Called Strike
0-1: Ball
1-1: Swinging Strike
1-2: Foul Ball, location: 2F
1-2: Ball
2-2: SINGLE (Flyball, 8LM)
Batting: RHB Enrique Pérez 0-0: Bunt missed!
0-1: Bunted foul
0-2: Ball
1-2: Ball
2-2: Fly out, F9 (Flyball, 9LM)
Batting: RHB Ed Whitaker 0-0: Ball
1-0: Called Strike
1-1: Called Strike
1-2: Ball
2-2: Ball
3-2: Base on Balls
Ray Sears to second
Batting: RHB Jean Chamissa 0-0: TRIPLE (Line Drive, 8RXD)
Ray Sears scores
Ed Whitaker scores
Batting: LHB Yoichibei Sato 0-0: Ball
1-0: Foul Ball, location: 2F
1-1: Ball
2-1: Ground out 1-3 (Groundball, 15S)
Batting: RHB Brent Ryan 0-0: Called Strike
0-1: Hit by Pitch
Batting: LHB Juan González 0-0: Ball
1-0: Ball
2-0: Foul Ball, location: 2F
2-1: Foul Ball, location: 2F
2-2: Foul Ball, location: 2F
2-2: Strikes out looking
Top of the 5th over - 2 run(s), 2 hit(s), 0 error(s), 2 left on base; Detroit 3 - Panama City 0
BOTTOM OF THE 5TH
Panama City Piranhas batting - Pitching for Detroit Renaissance : RHP Cris Mendoza
Batting: RHB Juan Jose Ayala 0-0: Swinging Strike
0-1: Called Strike
0-2: Ball
1-2: Ball
2-2: Strikes out looking
Batting: RHB Armando Alvarado 0-0: Called Strike
0-1: Swinging Strike
0-2: Strikes out looking
Batting: LHB Robert Adams 0-0: Ball
1-0: Ball
2-0: DOUBLE (Flyball, 8LD)
Batting: RHB Fernando Silva 0-0: Hit by Pitch
Batting: SHB Tsing Guao 0-0: Ball
1-0: Foul Ball, location: 2F
1-1: SINGLE (Groundball, 34D)
Robert Adams to third
Fernando Silva to second
Runner from 3rd tries for Home, SAFE, no throw
Batting: LHB Herman Hayes 0-0: Ball
Balk!
Fernando Silva to third
Tsing Guao to second
1-0: Called Strike
1-1: Ball
2-1: Fly out, F8 (Flyball, 78D)
Bottom of the 5th over - 1 run(s), 2 hit(s), 0 error(s), 2 left on base; Detroit 3 - Panama City 1
TOP OF THE 6TH
Detroit Renaissance batting - Pitching for Panama City Piranhas : LHP Kirby Buckner
Batting: RHB Eric D'Angle 0-0: Ball
1-0: DOUBLE (Flyball, 8RXD)
Batting: LHB Cisco Padilla 0-0: Foul Ball, location: 2F
0-1: Ball
1-1: Bunted foul
1-2: Ball
2-2: Ball
3-2: Foul Ball, location: 2F
3-2: SINGLE (Groundball, 34D)
Eric D'Angle to third
Runner from 3rd tries for Home, SAFE, throw made home
Cisco Padilla to second
Pitching: RHP Tobías Pérez
Batting: LHB Ray Sears 0-0: Ball
1-0: Swinging Strike
1-1: Ball
2-1: Foul Ball, location: 2F
2-2: Ball
3-2: Strikes out swinging
Batting: RHB Enrique Pérez 0-0: Ball
1-0: Called Strike
1-1: Swinging Strike
1-2: Foul Ball, location: 2F
1-2: Ball
2-2: Ball
3-2: Strikes out swinging
Batting: RHB Ed Whitaker 0-0: Called Strike
0-1: DOUBLE (Line Drive, 7LM)
Cisco Padilla scores
Batting: RHB Jean Chamissa 0-0: Swinging Strike
0-1: Ball
1-1: SINGLE (Groundball, 15S) (infield hit)
Ed Whitaker to third
Batting: LHB Yoichibei Sato 0-0: Ball
1-0: 3-RUN HOME RUN (Flyball, 89XD), Distance : 399 ft
Batting: RHB Brent Ryan 0-0: Foul Ball, location: 2F
0-1: Ball
1-1: Ball
2-1: Called Strike
2-2: Fly out, F6 (Popup, 4MD)
Top of the 6th over - 5 run(s), 5 hit(s), 0 error(s), 0 left on base; Detroit 8 - Panama City 1
BOTTOM OF THE 6TH
Panama City Piranhas batting - Pitching for Detroit Renaissance : RHP Cris Mendoza
Batting: RHB Cale Sutton 0-0: Foul Ball, location: 2F
0-1: Called Strike
0-2: Ball
1-2: Strikes out swinging
Batting: RHB Baldomero Avino 0-0: Called Strike
0-1: Ball
1-1: Foul Ball, location: 2F
1-2: Ball
2-2: Ball
3-2: Foul Ball, location: 2F
3-2: Fly out, F8 (Flyball, 8LD)
Batting: RHB Raúl Ortíz 0-0: Ball
1-0: SINGLE (Line Drive, 78S)
Batting: RHB Juan Jose Ayala Pickoff Throw to First - Out!
Bottom of the 6th over - 0 run(s), 1 hit(s), 0 error(s), 0 left on base; Detroit 8 - Panama City 1
TOP OF THE 7TH
Detroit Renaissance batting - Pitching for Panama City Piranhas : RHP Tobías Pérez
Pitching: RHP Francisco Barrios
Batting: LHB Juan González 0-0: Foul Ball, location: 2F
0-1: Ball
1-1: Ball
2-1: Foul Ball, location: 2F
2-2: Ball
3-2: Foul Ball, location: 2F
3-2: Strikes out swinging
Batting: RHB Eric D'Angle 0-0: Ball
1-0: Ball
2-0: Called Strike
2-1: Fly out, F8 (Flyball, 8RD)
Batting: LHB Cisco Padilla 0-0: Called Strike
0-1: Foul Ball, location: 2F
0-2: Foul Ball, location: 2F
0-2: Strikes out swinging
Top of the 7th over - 0 run(s), 0 hit(s), 0 error(s), 0 left on base; Detroit 8 - Panama City 1
BOTTOM OF THE 7TH
Panama City Piranhas batting - Pitching for Detroit Renaissance : RHP Cris Mendoza
Batting: RHB Juan Jose Ayala 0-0: Foul Ball, location: 2F
0-1: Called Strike
0-2: Ball
1-2: Ball
2-2: Strikes out looking
Batting: RHB Armando Alvarado 0-0: Swinging Strike
0-1: Foul Ball, location: 2F
0-2: Ball
1-2: Ball
2-2: Strikes out swinging
Batting: LHB Robert Adams 0-0: Foul Ball, location: 2F
0-1: Ball
1-1: Fly out, F2 (Popup, 2R)
Bottom of the 7th over - 0 run(s), 0 hit(s), 0 error(s), 0 left on base; Detroit 8 - Panama City 1
TOP OF THE 8TH
Detroit Renaissance batting - Pitching for Panama City Piranhas : RHP Francisco Barrios
Batting: LHB Ray Sears 0-0: Called Strike
0-1: Foul Ball, location: 2F
0-2: Ball
1-2: Ball
2-2: Foul Ball, location: 2F
2-2: Ball
3-2: Fly out, F7 (Flyball, 7D)
Batting: RHB Enrique Pérez 0-0: DOUBLE (Groundball, 5L)
Batting: RHB Ed Whitaker 0-0: Ball
1-0: Called Strike
1-1: Foul Ball, location: 2F
1-2: Ball
2-2: Ball
3-2: Base on Balls
Batting: RHB Jean Chamissa 0-0: Ball
1-0: SINGLE (Groundball, 56S) (infield hit)
Enrique Pérez to third
Ed Whitaker to second
Batting: LHB Yoichibei Sato 0-0: Ball
1-0: Called Strike
1-1: Foul Ball, location: 2F
1-2: Fly out, F8 (Flyball, 8RD)
Runner from 3rd tags up, SCORES, throw made
Batting: RHB Brent Ryan 0-0: Foul Ball, location: 2F
0-1: Called Strike
0-2: Ball
1-2: Foul Ball, location: 2F
1-2: Fly out, F5 (Line Drive, 5)
Top of the 8th over - 1 run(s), 2 hit(s), 0 error(s), 2 left on base; Detroit 9 - Panama City 1
BOTTOM OF THE 8TH
Panama City Piranhas batting - Pitching for Detroit Renaissance : RHP Cris Mendoza
Batting: RHB Fernando Silva 0-0: Called Strike
0-1: Swinging Strike
0-2: Ground out 5-3 (Groundball, 56)
Batting: SHB Tsing Guao 0-0: Ground out 3-1 (Groundball, 34)
Batting: LHB Herman Hayes 0-0: Ball
1-0: Swinging Strike
1-1: Ground out U3 (Groundball, 3)
Bottom of the 8th over - 0 run(s), 0 hit(s), 0 error(s), 0 left on base; Detroit 9 - Panama City 1
TOP OF THE 9TH
Detroit Renaissance batting - Pitching for Panama City Piranhas : RHP Francisco Barrios
Batting: LHB Juan González 0-0: Called Strike
0-1: Ball
1-1: Foul Ball, location: 2F
1-2: Ball
2-2: Fly out, F7 (Flyball, 78S)
Batting: RHB Eric D'Angle 0-0: Ball
1-0: Called Strike
1-1: Ball
2-1: Ball
3-1: Base on Balls
Batting: LHB Cisco Padilla 0-0: Ball
1-0: Ball
2-0: Ball
3-0: Called Strike
3-1: Called Strike
3-2: Foul Ball, location: 2F
3-2: Foul Ball, location: 2F
3-2: 2-RUN HOME RUN (Flyball, 89XD) (Inside the Park)
Pitching: RHP Edgardo Nava
Batting: LHB Ray Sears 0-0: Swinging Strike
0-1: Called Strike
0-2: Ball
1-2: Strikes out swinging
Batting: RHB Enrique Pérez 0-0: Foul Ball, location: 2F
0-1: Ball
1-1: Called Strike
1-2: Ball
2-2: Fly out, F8 (Flyball, 8LS)
Top of the 9th over - 2 run(s), 1 hit(s), 0 error(s), 0 left on base; Detroit 11 - Panama City 1
BOTTOM OF THE 9TH
Panama City Piranhas batting - Pitching for Detroit Renaissance : RHP Cris Mendoza
Now in CF: Greg Robinson
Batting: RHB Cale Sutton 0-0: Ball
1-0: Ground out 6-3 (Groundball, 6)
Batting: RHB Baldomero Avino 0-0: Ball
1-0: Ground out 6-3 (Groundball, 6)
Batting: RHB Raúl Ortíz 0-0: Swinging Strike
0-1: Hit by Pitch
Pitching: RHP José Juárez
Batting: RHB Juan Jose Ayala 0-0: Swinging Strike
0-1: Fielders Choice at 2nd, 4-6 (Groundball, 4)
Bottom of the 9th over - 0 run(s), 0 hit(s), 0 error(s), 0 left on base; Detroit 11 - Panama City 1
Saturday, May 26th, 2018 - OOTP Baseball 17.12 Build 75